 Dungeon Crawl Stone Soup version 0.27-a0-1046-g98bf31544f (webtiles) character file.

Game seed: 14538030039866293032

7 jestyr24 the Conjurer (level 1, 0/14 HPs)
             Began as a Draconian Conjurer on Apr 19, 2021.
             Frozen to death by an endoplasm (5 damage)
             ... on level 1 of the Dungeon.
             The game lasted 00:01:13 (348 turns).

jestyr24 the Conjurer (Draconian Conjurer)           Turns: 348, Time: 00:01:14

Health: 0/14       AC:  4    Str:  9    XL:     1   Next: 83%
Magic:  0/3        EV: 12    Int: 18    God:
Gold:   0          SH:  0    Dex:  9    Spells: 3/4 levels left

rFire    . . .     SeeInvis .   a - +0 dagger
rCold    . . .     Faith    .   (no shield)
rNeg     . . .     Spirit   .   (armour unavailable)
rPois    .         Reflect  .   (helmet restricted)
rElec    .         Harm     .   (no cloak)
rCorr    .         Rampage  .   (no gloves)
Will     .....                  (no boots)
Stlth    ++........             (no amulet)
HPRegen  0.04/turn              (no ring)
MPRegen  0.08/turn              (no ring)

@: slowed, very slow
A: AC +4, unfitting armour, cold-blooded
a: no special abilities


You were on level 1 of the Dungeon.
You visited 1 branch of the dungeon, and saw 1 of its levels.

Inventory:

Hand Weapons
 a - a +0 dagger (weapon)


   Skills:
 + Level 2.0 Dodging
 + Level 1.7 Stealth
 + Level 2.0 Spellcasting
 + Level 4.2 Conjurations


You had 3 spell levels left.
You knew the following spells:

 Your Spells              Type           Power      Damage    Failure   Level
a - Magic Dart            Conj           64%        1d6       3%          1

Your spell library contained the following spells:

 Spells                   Type           Power      Damage    Failure   Level
 Searing Ray              Conj           32%        3d4       4%          2
 Dazzling Flash           Conj/Hex       18%        N/A       22%         3
 Fulminant Prism          Conj/Hex       4%         3d6       58%         4
 Iskenderun's Mystic Bla  Conj/Tloc      9%         2d4       58%         4


Dungeon Overview and Level Annotations

Branches:
Dungeon (1/15)

Altars:


Innate Abilities, Weirdness & Mutations

Your plain brown scales are hard. (AC +4)
You cannot fit into any form of body armour.
You are cold-blooded and may be slowed by cold attacks.


Message History

2 kobolds come into view.
The kobold shouts! x2
The magic dart hits the kobold but does no damage.
The kobold throws a stone.
The stone hits you.
The magic dart hits the kobold.
You kill the kobold!
An endoplasm comes into view.
The magic dart hits the kobold.
The kobold is moderately wounded.
A rat comes into view.
You are too depleted to draw on your mana recklessly!
The magic dart hits the kobold.
You kill the kobold!
Your Dodging skill increases to level 2!
The endoplasm hits you.
Things that are here:
a +0 dagger; a kobold corpse
a - a +0 dagger The endoplasm hits you but does no damage.
The rat closely misses you.
There are no objects that can be picked up here. a kobold corpse
a - a +0 dagger (weapon)
The endoplasm freezes you.
You are frozen.
The magic dart hits the endoplasm.
The endoplasm is almost dead.
The rat bites you but does no damage. The endoplasm freezes you.
You are frozen.
You feel yourself slow down.
You hit the endoplasm but do no damage.
The endoplasm is almost dead.
The rat bites you but does no damage.
The endoplasm hits you but does no damage.
The rat completely misses you.
You hit the endoplasm but do no damage.
The endoplasm is almost dead.
The endoplasm freezes you.
You are frozen.
You die...

##....'..##.....##......
♣##.....#.................
♣#...>..+.................
♣##.....#.................
##....'..##.....##......
##8.8#..##.....##......
#####.................
#Jr...............
#@.############### #..#
♣♣♣♣♣♣ ♣♣♣ ♣♣
#..########### #
#..'.#.......#####
####...#####†#..## #####
#.†.... ##.#### #.# #.#


You could see an endoplasm and a rat.

Vanquished Creatures
  An endoplasm (D:1)
  2 hobgoblins (D:1)
  A frilled lizard (D:1)
  2 kobolds (D:1)
6 creatures vanquished.

Notes
Turn   | Place    | Note
-------+----------+-------------------------------------------
     0 | D:1      | jestyr24 the Draconian Conjurer began the quest for the
                  | Orb.
     0 | D:1      | Reached XP level 1. HP: 14/14 MP: 3/3
   348 | D:1      | Frozen to death by an endoplasm

Illustrated notes

Levels and vault maps discovered:
D:1:      beargit_arrival_diablo_church, layout_loops_ring,
          shapermc_ecumenical_altar_mp_urbaneastern

Skill      XL: |  1 |
---------------+----+-----
Dodging        | 2 |  2.0
Stealth        | |  1.7
Spellcasting   | |  2.0
Conjurations   | |  4.2

Action                   || total
-------------------------++-------
Melee: Unarmed           ||    17
       Dagger            ||     2
       Tailslap          ||     2
 Cast: Magic Dart        ||    18
Armor: Skin              ||     8
Dodge: Dodged            ||    15

Table legend: (Time is in decaauts)
 A = Elapsed time spent in this place.
 B = Non-inter-level travel time spent in this place.
 C = Inter-level travel time spent in this place.
 D = Time resting spent in this place.
 E = Time spent auto-exploring this place.
 F = Levels seen in this place.
 G = Mean time per level.
                   A        B        C        D        E       F      G
               +--------+--------+--------+--------+--------+-----+--------+
         Total |    348 |    348 |      0 |    126 |    114 |   1 |  348.0 |
       Dungeon |    348 |    348 |      0 |    126 |    114 |   1 |  348.0 |
               +--------+--------+--------+--------+--------+-----+--------+

Top non-repeatable levels by time:
     D:1: 348 daAuts
